[ AOE2 MATCH · #508187520 ]
UnrankedBulgarians vs Portuguese
Rival team · LOSS
[ REPLAY ANALYSIS · EXTRACTED FROM THE RECORDED GAME ]
Feudal
13:25
Castle
18:15
Imperial
—
| APM avg | 38.1 |
| APM peak | 107 |
| eAPM avg | 18.2 |
| Villagers / military | 28 / 11 |
Focus
⚔️ 27.7% · 🌾 72.3%
Militia ×6 · Battering Ram ×5
Feudal
11:30
Castle
15:59
Imperial
—
| APM avg | 45.9 |
| APM peak | 89 |
| eAPM avg | 17.4 |
| Villagers / military | 34 / 4 |
Focus
⚔️ 28.2% · 🌾 71.8%
Petard ×2 · Mangonel ×2
Match map
Initial resources + every placement click. Lines = walls · curves = elevation contours. ◆ gold · ⬟ stone · ● berries · ✦ relic · ◌ wall gap
Your base· Open — 7t gap
Vandefilm's base· Open — 13t gap
Smoothed initial terrain · ◌ = detected wall gap · hover for details
Inputs per minute
— JeanLuc Petard - - Vandefilm
Build order — JeanLuc Petard
75 actions detected in the replay
| 0:00 | Queue | Villager (Male) |
| 0:01 | Queue | Villager (Male) |
| 0:01 | Queue | Villager (Male) |
| 0:02 | Build | House |
| 0:03 | Build | House |
| 0:47 | Queue | Villager (Male) |
| 1:34 | Queue | Villager (Male) |
| 2:04 | Queue | Villager (Male) |
| 2:04 | Queue | Villager (Male) |
| 2:19 | Build | House |
| 2:35 | Queue | Villager (Male) |
| 3:03 | Queue | Villager (Male) |
| 3:18 | Queue | Villager (Male) |
| 3:35 | Build | Barracks |
| 3:52 | Queue | Villager (Male) |
| 3:52 | Queue | Villager (Male) |
| 4:36 | Queue | Militia |
| 5:06 | Queue | Militia |
| 5:08 | Queue | Villager (Male) |
| 5:08 | Queue | Villager (Male) |
| 5:34 | Queue | Militia |
| 5:36 | Queue | Villager (Male) |
| 5:38 | Build | House |
| 6:14 | Queue | Villager (Male) |
| 6:35 | Queue | Militia |
| 6:35 | Queue | Militia |
| 6:44 | Build | House |
| 7:29 | Queue | Militia |
| 7:30 | Queue | Villager (Male) |
| 7:48 | Queue | Villager (Male) |
| 7:48 | Queue | Villager (Male) |
| 8:07 | Build | Lumber Camp |
| 8:11 | Build | Palisade Wall |
| 8:11 | Build | Palisade Wall |
| 8:12 | Build | Palisade Wall |
| 8:16 | Queue | Villager (Male) |
| 8:16 | Queue | Villager (Male) |
| 8:17 | Queue | Villager (Male) |
| 8:17 | Queue | Villager (Male) |
| 8:30 | Build | Mill |
| 8:51 | Queue | Villager (Male) |
| 10:13 | Queue | Villager (Male) |
| 10:40 | Research | Loom |
| 11:05 | Build | Mining Camp |
| 11:12 | Research | Feudal Age |
| 11:42 | Build | Palisade Wall |
| 11:46 | Build | Palisade Wall |
| 11:47 | Build | Palisade Wall |
| 11:48 | Build | Palisade Wall |
| 11:51 | Build | Palisade Wall |
| 12:35 | Build | Farm |
| 13:08 | Build | Palisade Wall |
| 13:15 | Build | Farm |
| 13:25 | Age | Feudal Age |
| 13:26 | Research | Double-Bit Axe |
| 13:30 | Build | Market |
| 14:19 | Build | Blacksmith |
| 15:35 | Research | Castle Age |
| 16:55 | Queue | Villager (Male) |
| 16:55 | Queue | Villager (Male) |
| 17:16 | Build | Mining Camp |
| 18:15 | Age | Castle Age |
| 18:18 | Build | Krepost |
| 18:24 | Queue | Villager (Male) |
| 19:10 | Build | Siege Workshop |
| 19:27 | Build | Mining Camp |
| 20:05 | Queue | Battering Ram |
| 20:20 | Research | Fletching |
| 20:20 | Research | Fletching |
| 20:36 | Build | Farm |
| 20:54 | Queue | Battering Ram |
| 21:36 | Queue | Battering Ram |
| 21:58 | Research | Bodkin Arrow |
| 22:53 | Queue | Battering Ram |
| 22:53 | Queue | Battering Ram |
Build order — Vandefilm
80 actions detected in the replay
| 0:00 | Queue | Villager (Male) |
| 0:01 | Queue | Villager (Male) |
| 0:03 | Build | House |
| 0:05 | Build | House |
| 0:07 | Queue | Villager (Male) |
| 0:09 | Queue | Villager (Male) |
| 1:31 | Queue | Villager (Male) |
| 1:51 | Build | Lumber Camp |
| 2:02 | Queue | Villager (Male) |
| 2:19 | Queue | Villager (Male) |
| 2:50 | Queue | Villager (Male) |
| 3:12 | Queue | Villager (Male) |
| 3:42 | Build | House |
| 3:46 | Build | House |
| 3:52 | Queue | Villager (Male) |
| 3:52 | Queue | Villager (Male) |
| 4:17 | Build | House |
| 4:36 | Queue | Villager (Male) |
| 4:37 | Queue | Villager (Male) |
| 4:58 | Build | Mill |
| 5:31 | Queue | Villager (Male) |
| 5:49 | Queue | Villager (Male) |
| 5:50 | Queue | Villager (Male) |
| 5:52 | Queue | Villager (Male) |
| 6:18 | Queue | Villager (Male) |
| 6:35 | Build | House |
| 6:37 | Build | House |
| 6:39 | Build | Palisade Wall |
| 7:12 | Queue | Villager (Male) |
| 7:16 | Queue | Villager (Male) |
| 7:27 | Queue | Villager (Male) |
| 7:40 | Research | Loom |
| 7:41 | Queue | Villager (Male) |
| 7:41 | Queue | Villager (Male) |
| 8:20 | Queue | Villager (Male) |
| 9:05 | Research | Feudal Age |
| 9:33 | Build | Mining Camp |
| 9:38 | Queue | Villager (Male) |
| 9:51 | Research | Loom |
| 10:40 | Build | Farm |
| 10:46 | Build | Farm |
| 11:09 | Queue | Villager (Male) |
| 11:30 | Age | Feudal Age |
| 11:33 | Build | Blacksmith |
| 11:35 | Build | Market |
| 11:38 | Build | House |
| 11:39 | Build | Palisade Wall |
| 11:41 | Build | House |
| 11:48 | Build | Palisade Wall |
| 11:59 | Queue | Villager (Male) |
| 12:51 | Queue | Villager (Male) |
| 13:19 | Research | Castle Age |
| 13:20 | Research | Castle Age |
| 13:32 | Build | Mining Camp |
| 13:53 | Build | House |
| 13:59 | Build | Barracks |
| 14:32 | Build | Palisade Wall |
| 14:47 | Research | Double-Bit Axe |
| 14:48 | Queue | Villager (Male) |
| 15:59 | Age | Castle Age |
| 16:03 | Build | Town Center |
| 16:10 | Research | Bow Saw |
| 16:20 | Queue | Villager (Male) |
| 16:29 | Build | Farm |
| 17:10 | Build | House |
| 17:12 | Build | Palisade Wall |
| 17:21 | Build | Palisade Wall |
| 17:30 | Build | Palisade Wall |
| 17:32 | Build | Palisade Wall |
| 17:39 | Queue | Villager (Male) |
| 18:02 | Queue | Villager (Male) |
| 18:15 | Build | Castle |
| 18:56 | Research | Loom |
| 19:34 | Build | Siege Workshop |
| 20:46 | Queue | Mangonel |
| 20:51 | Queue | Petard |
| 21:39 | Queue | Petard |
| 22:36 | Queue | Mangonel |
| 22:44 | Queue | Villager (Male) |
| 22:44 | Queue | Villager (Male) |
Match timeline
| 3:35 | JeanLuc Petard · first_building Barracks |
| 6:39 | Vandefilm · wall_segment Palisade Wall x1 |
| 8:11 | JeanLuc Petard · wall_segment Palisade Wall x1 |
| 8:11 | JeanLuc Petard · wall_segment Palisade Wall x1 |
| 8:12 | JeanLuc Petard · wall_segment Palisade Wall x1 |
| 11:30 | Vandefilm · age_up feudal |
| 11:39 | Vandefilm · wall_segment Palisade Wall x1 |
| 11:42 | JeanLuc Petard · wall_segment Palisade Wall x12 |
| 11:46 | JeanLuc Petard · wall_segment Palisade Wall x1 |
| 11:47 | JeanLuc Petard · wall_segment Palisade Wall x1 |
| 11:48 | Vandefilm · wall_segment Palisade Wall x1 |
| 11:48 | JeanLuc Petard · wall_segment Palisade Wall x1 |
| 11:51 | JeanLuc Petard · wall_segment Palisade Wall x10 |
| 12:36 | Vandefilm · first_market_buy 100 food |
| 12:37 | Vandefilm · first_market_sell 100 stone |
| 13:08 | JeanLuc Petard · wall_segment Palisade Wall x10 |
| 13:25 | JeanLuc Petard · age_up feudal |
| 13:59 | Vandefilm · first_building Barracks |
| 14:32 | Vandefilm · wall_segment Palisade Wall x1 |
| 14:41 | JeanLuc Petard · first_market_sell 500 stone |
| 14:42 | JeanLuc Petard · first_market_buy 100 food |
| 15:59 | Vandefilm · age_up castle |
| 17:12 | Vandefilm · wall_segment Palisade Wall x2 |
| 17:21 | Vandefilm · wall_segment Palisade Wall x1 |
| 17:30 | Vandefilm · wall_segment Palisade Wall x1 |
| 17:32 | Vandefilm · wall_segment Palisade Wall x1 |
| 18:15 | JeanLuc Petard · age_up castle |
| 18:15 | Vandefilm · first_building Castle |
| 18:18 | JeanLuc Petard · first_building Krepost |
| 19:10 | JeanLuc Petard · first_building Siege Workshop |
| 19:34 | Vandefilm · first_building Siege Workshop |
| 22:58 | Vandefilm · resign |
[ AI ANALYSIS · 1 CREDIT ]
What really happened in this match?
Wolo.gg analyzes every decision: build order, eco, micro, common mistakes by bracket. Personalized analysis on WhatsApp or Discord in 30 seconds.
Civ guide
Bulgarians
Perfil
Jugador #21755138